 Dungeon Crawl Stone Soup version 0.30.1-9-gdf580d7c3d (webtiles) character file.

Game seed: 14306063363936953061

77 KittyFluff the Cudgeller (level 4, -3/43 HPs)
             Began as a Gargoyle Berserker on Oct 10, 2023.
             Was a Believer of Trog.
             Slain by Jessica
             ... wielding a +5 spectral club
              (6 damage)
             ... on level 2 of the Dungeon.
             The game lasted 00:04:36 (1321 turns).

KittyFluff the Cudgeller (Gargoyle Berserker)       Turns: 1321, Time: 00:04:37

Health: -3/43      AC:  8    Str: 23    XL:     4   Next: 34%
Magic:  4/4        EV: 11    Int:  7    God:    Trog [**....]
Gold:   60         SH:  0    Dex:  9    Spells: 3/3 levels left

rFire   . . .        a - +0 mace
rCold   . . .        (no shield)
rNeg    + . .        o - +0 leather armour
rPois   ∞            p - +1 hat
rElec   +            (no cloak)
rCorr   .            (no gloves)
SInv    .            (no boots)
Will    .....        f - amulet of the acrobat Stlth
                     (no ring)
HPRegen 0.27/turn    (no ring)
MPRegen 0.09/turn

%: acrobat
@: berserking, very quick
A: sickness immunity, AC +3, negative energy resistance 1, electricity
resistance, torment resistance 1, petrification resistance
a: Renounce Religion, Berserk, Trog's Hand


You were on level 2 of the Dungeon.
You worshipped Trog.
Trog was pleased with you.
You visited 1 branch of the dungeon, and saw 2 of its levels.

You collected 60 gold pieces.

Inventory:

Hand Weapons
 a - a +0 mace (weapon)
Missiles
 j - 10 poisoned darts (quivered)
 s - 2 throwing nets
Armour
 o - a +0 leather armour (worn)
 p - a +1 hat (worn)
Jewellery
 f - an amulet of the acrobat (around neck)
Scrolls
 h - a scroll of magic mapping {unknown}
 i - a scroll of identify {unknown}
 k - a scroll of blinking {unknown}
 q - a scroll of fog {unknown}
 r - a scroll of vulnerability {unknown}
Potions
 b - a potion of berserk rage {unknown}
 c - a potion of lignification {unknown}
 d - 2 potions of curing {unknown}
 e - a potion of might {unknown}
 g - a potion of cancellation {unknown}
 l - a potion of magic {unknown}
 m - a potion of heal wounds {unknown}
 n - a potion of mutation {unknown}


   Skills:
 + Level 3.7 Fighting
 * Level 3.8 Maces & Flails
 * Level 3.3 Armour
 + Level 2.0 Dodging


You had 3 spell levels left.
You didn't know any spells.
Your spell library was empty.

Dungeon Overview and Level Annotations

Branches:
Dungeon (2/15)

Altars:

Annotations:
D:2 Jessica


Innate Abilities, Weirdness & Mutations

You are immune to sickness and miasma.
Your stone body is resilient. (AC +3)
You are immune to poison.
You resist negative energy. (rN+)
You are resistant to electric shocks. (rElec)
You are resistant to unholy torment.
You are immune to petrification.


Message History

You resist with some effort.
Jessica casts a spell.
Jessica blinks!
Found a stone.
You barely miss Jessica. Jessica misses you. The +5 spectral club hits you.
A +5 spectral club comes into view.
You hit Jessica.
Jessica is heavily wounded.
Jessica closely misses you. The +5 spectral club hits you.
You barely miss Jessica.
Jessica is heavily wounded.
Jessica casts a spell.
Jessica seems to speed up.
You hit Jessica.
Jessica is severely wounded.
The +5 spectral club disappears.
Jessica hits you with a +5 spectral club.
The +5 spectral club hits you.
Jessica hits you with a +5 spectral club!
The +5 spectral club hits you.
* * * LOW HITPOINT WARNING * * *
A +5 spectral club comes into view.
You barely miss Jessica.
Jessica is severely wounded.
Jessica casts a spell at you.
You are unaffected.
The +5 spectral club disappears.
Jessica hits you with a +5 spectral club.
* * * LOW HITPOINT WARNING * * *
The +5 spectral club misses you.
A +5 spectral club comes into view.
The +5 spectral club moves out of view.
You hit Jessica but do no damage.
Jessica is severely wounded.
Jessica barely misses you.
Jessica hits you with a +5 spectral club.
* * * LOW HITPOINT WARNING * * *
A red film seems to cover your vision as you go berserk!
You feel yourself moving faster!
You feel mighty!
Jessica hits you with a +5 spectral club.
You die...

### #...#
#.### #.##
#..##
.####...###
...........#
...###...#.#
. #...).#
#####@# #@#
(.......#
#######.#
#.# #.# #.#
#.# #.#


You could see Jessica (fast).

Vanquished Creatures
  3 gnolls (D:2)
  2 adders (D:2)
  2 dart slugs (D:1)
  2 bats (D:1)
  5 endoplasms (D:1)
  A goblin (D:1)
  3 hobgoblins (D:1)
  2 quokkas
  2 ball pythons (D:1)
  3 kobolds
  5 rats
30 creatures vanquished.

Notes
Turn   | Place    | Note
-------+----------+-------------------------------------------
     0 | D:1      | KittyFluff the Gargoyle Berserker began the quest for the
                  | Orb.
     0 | D:1      | Reached XP level 1. HP: 14/14 MP: 1/1
   182 | D:1      | Reached XP level 2. HP: 19/19 MP: 2/2
   474 | D:1      | Found a faded altar of an unknown god.
   490 | D:1      | Reached XP level 3. HP: 4/23 MP: 3/3
   896 | D:1      | Reached ** piety under Trog
  1201 | D:2      | Reached XP level 4. HP: 21/28 MP: 4/4
  1309 | D:2      | Noticed Jessica
  1321 | D:2      | Slain by Jessica

Illustrated notes

Levels and vault maps discovered:
D:1:      onia_arrival_mini_maze, layout_rooms,
          chequers_ecumenical_altar_island, minmay_tetromino_l4
D:2:      layout_loops_corners, serial_aquarium, aquarium_bridge_square
          [aquarium_subvault_wall, aquarium_subvault_bridge,
          aquarium_subvault_window, aquarium_subvault_wall], aquarium_window_3,
          aquarium_window_2, aquarium_window_corner, aquarium_window_1,
          aquarium_view_4, uniq_jessica

Skill      XL: |  1  2  3 |
---------------+----------+-----
Armour         | 3 |  3.3
Dodging        | 2 |  2.0
Fighting       | |  3.7
Maces & Flails | |  3.8

Action                     |  1- 3 |  4- 6 || total
---------------------------+-------+-------++-------
  Melee: Mace              |   102 |     9 ||   111
         Punch             |     3 |       ||     3
 Invoke: Berserk           |       |     2 ||     2
 Armour: Animal skin       |    18 |       ||    18
         Leather armour    |    20 |     1 ||    21
  Dodge: Dodged            |    71 |    11 ||    82
